 Dungeon Crawl Stone Soup version 0.32-a0-898-g7811c86cf0 (webtiles) character file.

Game seed: 13045011637607811114

252 Fodor the Covered (level 5, -4/47 HPs)
             Began as a Minotaur Fighter on Apr 4, 2024.
             Slain by an ogre
             ... wielding a +0 giant club
              (21 damage)
             ... on level 4 of the Dungeon.
             The game lasted 00:09:31 (2581 turns).

Fodor the Covered (Minotaur Fighter)                Turns: 2581, Time: 00:09:32

Health: -4/47      AC: 12    Str: 23    XL:     5   Next: 89%
Magic:  4/4        EV:  5    Int:  5    God:
Gold:   309        SH:  4    Dex:  9    Spells: 4/4 levels left

rFire   . . .        w - +0 broad axe
rCold   . . .        c - +0 buckler
rNeg    . . .        a - +0 plate armour
rPois   .            (helmet restricted)
rElec   .            (no cloak)
rCorr   .            (no gloves)
SInv    .            (no boots)
Will    .....        i - amulet of regeneration Stlth
                     (no ring)
HPRegen 1.07/turn    (no ring)
MPRegen 0.09/turn

%: no passive effects
@: no status effects
A: horns 2, retaliatory headbutt
a: no special abilities


You were on level 4 of the Dungeon.
You visited 1 branch of the dungeon, and saw 4 of its levels.

You collected 309 gold pieces.

Inventory:

Hand Weapons
 w - a +0 broad axe (weapon)
Missiles
 v - a throwing net (quivered)
Armour
 a - a +0 plate armour (worn)
 c - a +0 buckler (worn)
Jewellery
 i - an amulet of regeneration (around neck)
 t - a ring of resist corrosion
Talismans
 g - a beast talisman
 m - a flux talisman
Scrolls
 e - 5 scrolls of teleportation {unknown}
 h - 2 scrolls of vulnerability {unknown}
 j - 8 scrolls of identify {unknown}
 k - 2 scrolls of enchant weapon {unknown}
 q - a scroll of immolation {unknown}
 s - a scroll of poison {unknown}
Potions
 d - 3 potions of might
 f - 4 potions of mutation {unknown}
 l - 2 potions of heal wounds {unknown}
 n - a potion of degeneration {unknown}
 o - a potion of berserk rage {unknown}
 p - a potion of enlightenment {unknown}
 r - a potion of invisibility {unknown}
 u - a potion of curing {unknown}
 x - a potion of cancellation {unknown}


   Skills:
 + Level 4.6 Fighting
 + Level 5.0 Axes
 + Level 5.0 Armour
 + Level 1.8 Dodging
 + Level 4.2 Shields


You had 4 spell levels left.
You didn't know any spells.
Your spell library contained the following spells:

 Spells                   Type           Power      Damage    Failure   Level
 Foxfire                  Conj/Fire      0%         2x1d4     100%        1
 Kiss of Death            Conj/Necr      0%         2d5       100%        1
 Cigotuvi's Dreadful Rot  Necr/Alch/Air  0%         N/A       100%        2
 Mercury Vapours          Alch/Air       0%         N/A       100%        2
 Confusing Touch          Hex            0%         N/A       100%        3
 Hailstorm                Conj/Ice       0%         3d5       100%        3
 Mephitic Cloud           Conj/Alch/Air  0%         N/A       100%        3
 Summon Ice Beast         Ice/Summ       0%         N/A       100%        3
 Dispel Undead            Necr           0%         3d6       100%        4
 Ignite Poison            Fire/Alch      0%         N/A       100%        4
 Freezing Cloud           Conj/Ice/Air   0%         6-21      100%        5
 Permafrost Eruption      Ice/Erth       0%         2x4d1     100%        6
 Plasma Beam              Fire/Air       0%         2x1d10    100%        6
 Sculpt Simulacrum        Ice/Alch       0%         N/A       100%        6
 Starburst                Conj/Fire      0%         6d3       100%        6


Dungeon Overview and Level Annotations

Branches:
Dungeon (4/15)
 Temple: D:4-7

Altars:
Nemelex Xobeh
Wu Jian

Shops:
D:2 !


Innate Abilities, Weirdness & Mutations

You have a pair of horns on your head.
You reflexively headbutt those who attack you in melee.


Message History

You kill the jackal!
Things that are here:
a +0 dagger; 6 stones; a +0 chain mail
Things that are here:
a +0 dagger; 6 stones; a +0 chain mail You slash the jackal!
You kill the jackal!
You see here a jackal corpse.
You see here a jackal corpse.
Things that are here:
a +0 dagger; 6 stones; a +0 chain mail
Items here: ))) [[ ÷.
Items here: ))) [[ ÷.
You see here a ball python corpse.
Found a broad axe.
You see here a +0 broad axe.
b - a +0 broad axe
b - a +0 broad axe (weapon)
You drop a +0 war axe.
Adjust to which letter? (? for menu, Esc to quit)
w - a +0 broad axe (weapon)
An ogre comes into view. It is wielding a +0 giant club.
Found a garnet ring.
The ogre shouts!
An ogre is nearby!
An ogre is nearby!
An ogre is nearby!
You hit the ogre.
The ogre is moderately wounded.
The ogre hits you with a +0 giant club!
You hit the ogre. Your headbutt misses the ogre.
The ogre is moderately wounded.
The ogre barely misses you.
You hit the ogre. You headbutt the ogre!
The ogre is severely wounded.
The ogre hits you with a +0 giant club!!
You closely miss the ogre.
The ogre is severely wounded.
The ogre hits you with a +0 giant club!!
You die...

.#####......#
###....# .#
#......####(.....#
##
#.....[..#..######
###......#÷..##
##....#####..###
###..##.##..)....#
#..........#####.#
...###..#### #.#
.### #.## #@# ##
#.# #O# # #.# #.#
######.### #..
#.....[.# ###.
#.......# ..
##.......# .O
#...###### ...
..### =.#


You could see an ogre.

Vanquished Creatures
  A hound (D:3)
  An orc wizard (D:4)
  Robin (D:2)
  4 gnolls (D:4)
  7 adders
  A dart slug (D:1)
  A ribbon worm (D:3)
  4 orcs (D:4)
  3 bats
  6 endoplasms
  A giant cockroach (D:2)
  12 goblins
  5 hobgoblins
  8 jackals
  4 quokkas
  7 ball pythons
  A frilled lizard (D:2)
  8 kobolds
  4 rats
79 creatures vanquished.

Notes
Turn   | Place    | Note
-------+----------+-------------------------------------------
     0 | D:1      | Fodor the Minotaur Fighter began the quest for the Orb.
     0 | D:1      | Reached XP level 1. HP: 19/19 MP: 0/0
   134 | D:1      | Reached XP level 2. HP: 25/27 MP: 1/1
   429 | D:2      | Noticed Robin
   438 | D:2      | Reached XP level 3. HP: 25/33 MP: 2/2
   452 | D:2      | Killed Robin
   491 | D:2      | Found Boenaiwn's Distillery.
   623 | D:2      | Reached XP level 4. HP: 39/40 MP: 3/3
  1403 | D:3      | Found an ornate altar of the Wu Jian Council.
  1422 | D:3      | Reached skill level 1 in Dodging
  2030 | D:4      | Found a sparkling altar of Nemelex Xobeh.
  2076 | D:4      | Reached XP level 5. HP: 40/47 MP: 4/4
  2225 | D:4      | Reached skill level 5 in Armour
  2347 | D:4      | Reached skill level 5 in Axes
  2572 | D:4      | Noticed an ogre
  2581 | D:4      | Slain by an ogre

Illustrated notes

Levels and vault maps discovered:
D:1:      mainiacjoe_arrival_oval_in_oval, layout_rooms
D:2:      layout_basic, serial_shops, shop, uniq_robin
D:3:      layout_basic, nicolae_wu_jian_immortal_techniques,
          hangedman_glass_teeth, kennysheep_cross_room, dk_vineyard_3
D:4:      layout_rooms, mainiacjoe_overflow_small_starburst

Skill      XL: |  1  2  3  4  5 |
---------------+----------------+-----
Armour         | 4 5 |  5.0
Fighting       | 4 |  4.6
Shields        | 4 |  4.2
Axes           | 3 4 5 |  5.0
Dodging        | 1 |  1.8

Action                     |  1- 3 |  4- 6 || total
---------------------------+-------+-------++-------
  Melee: War axe           |    77 |    92 ||   169
         Headbutt          |     9 |    14 ||    23
         Broad axe         |       |     4 ||     4
 Armour: Scale mail        |   107 |    73 ||   180
         Plate armour      |       |     7 ||     7
  Dodge: Dodged            |    53 |    52 ||   105
  Block: Buckler           |    20 |    19 ||    39

Table legend: (Time is in decaauts)
 A = Elapsed time spent in this place.
 B = Non-inter-level travel time spent in this place.
 C = Inter-level travel time spent in this place.
 D = Time resting spent in this place.
 E = Time spent auto-exploring this place.
 F = Levels seen in this place.
 G = Mean time per level.
                   A        B        C        D        E       F      G
               +--------+--------+--------+--------+--------+-----+--------+
         Total |   2642 |   2491 |    151 |     13 |   1544 |   4 |  660.5 |
       Dungeon |   2642 |   2491 |    151 |     13 |   1544 |   4 |  660.5 |
               +--------+--------+--------+--------+--------+-----+--------+

Top non-repeatable levels by time:
     D:3: 832 daAuts
     D:2: 813 daAuts
     D:4: 564 daAuts
     D:1: 432 daAuts
